Map: 이어 제로 - 래더

Players

DnS

  • Race: Protoss Protoss
  • Spawn Location: 11:00

Zanster - Winner!

  • Race: Zerg Zerg
  • Spawn Location: 1:00

Event: IEM Season 13: Katowice (2019)

VOD

Have the link to the VOD?

Description

Time

  • Played on: Feb. 26, 2019, 10:34 a.m.
  • Length: 16:52

All games in this series

Show
View Real Time Build Order
Export as new Build Order

DnS Protoss 

Build Orders: 1 Gate Expand, Oracle Opening, Archon Immortal, Archon Drop 

Get SALT Encoding   

  12  0:00  Probe  
  13  0:12  Probe  
  14  0:19  Pylon  
  14  0:24  Probe  
  15  0:29  Assimilator  
  15  0:35  Probe  
  16  0:43  Probe  
  16  0:45  Gateway  
  17  0:52  Probe  
  18  1:04  Probe  
  19  1:16  Probe  
  20  1:24  Nexus  
  20  1:35  Cybernetics Core  
  20  1:37  Probe  
  21  1:42  Assimilator  
  21  1:49  Probe  
  21  1:52  Pylon  
  22  2:01  Probe  
  22  2:04  Adept  
  23  2:12  Stargate  
  23  2:14  Probe  
  26  2:25  Warp Gate  
  26  2:26  Probe  
  27  2:34  Stalker, Probe  
  29  2:38  Probe  
  29  2:42  Probe  
  31  2:47  Oracle  
  31  2:50  Probe  
  33  2:52  Probe  
  37  3:02  Probe  
  37  3:04  Probe  
  39  3:06  Pylon  
  39  3:14  Probe  
  39  3:15  Oracle  
  39  3:16  Probe  
  41  3:25  Assimilator  
  41  3:26  Probe  
  45  3:28  Probe  
  45  3:33  Gateway  
  46  3:38  Probe, Assimilator  
  46  3:40  Probe  
  48  3:44  Robotics Facility  
  48  3:50  Probe  
  48  3:52  Probe  
  50  4:01  Pylon  
  50  4:05  Probe x2  
  50  4:08  Twilight Council  
  50  4:17  Gateway, Probe  
  50  4:18  Probe  
  50  4:23  Gateway  
  50  4:24  Warp Prism  
  52  4:30  Probe  
  54  4:35  Zealot  
  54  4:36  Zealot  
  59  4:38  Pylon  
  59  4:47  Templar Archives  
  59  4:53  Observer  
  59  5:01  Nexus  
  59  5:05  Pylon  
  59  5:06  Probe  
  59  5:07  Probe  
  62  5:11  Immortal  
  66  5:29  Shield Battery  
  66  5:33  Gateway, High Templar  
  66  5:34  High Templar x2  
  66  5:35  Gateway, High Templar  
  74  5:41  Archon x2  
  74  5:43  Immortal  
  74  5:53  Charge  
  78  5:59  Pylon x2  
  78  6:11  Pylon  
  78  6:13  Immortal, Probe x2  
  78  6:16  Sentry  
  78  6:17  Zealot x3  
  88  6:19  Shield Battery  
  92  6:31  Probe x2  
  92  6:32  Probe  
  95  6:41  Sentry  
  95  6:42  Sentry x2, Zealot x2  
  105  6:48  Gateway  
  105  6:49  Gateway  
  105  6:59  Sentry  
  107  7:10  Sentry  
  107  7:11  Zealot x4  
  117  7:23  Pylon  
  117  7:24  Pylon  
  117  7:26  Pylon x2  
  117  7:28  Pylon  
  117  7:42  Probe  
  118  7:45  Zealot  
  118  7:46  Zealot x7  
  134  7:51  Pylon  
  134  7:56  Pylon  
  112  8:09  Zealot x6  
  102  8:14  Immortal  
  81  8:32  Sentry x3  
  81  8:33  High Templar x2  
  81  8:34  High Templar x2  
  87  8:37  Forge  
  87  8:38  Archon x2  
  87  8:40  Probe x2  
  89  8:42  Immortal  
  89  8:44  Assimilator  
  89  8:45  Shield Battery  
  89  8:46  Shield Battery  
  89  8:47  Assimilator  
  89  8:53  Zealot  
  95  8:56  Protoss Ground Weapons Level 1  
  95  8:59  Sentry x2  
  95  9:00  Zealot  
  101  9:06  Zealot x3  
  101  9:07  Zealot  
  101  9:08  Probe  
  110  9:11  Immortal, Probe  
  110  9:14  Probe  
  112  9:20  Probe  
  112  9:22  Photon Cannon  
  112  9:23  Probe  
  118  9:25  Stalker  
  118  9:26  Psionic Storm  
  120  9:32  Stalker  
  122  9:40  Probe  
  122  9:41  Pylon  
  122  9:45  Stalker  
  125  9:49  High Templar  
  127  9:53  Pylon  
  127  9:58  Gateway, Zealot  
  127  9:59  High Templar  
  131  10:03  Immortal  
  135  10:15  High Templar  
  137  10:27  High Templar  
  137  10:28  Zealot x4  
  139  10:31  Archon  
  133  10:38  Protoss Ground Weapons Level 2  
  133  10:39  Zealot x2  
  119  10:44  Immortal  
  116  10:50  Zealot x5  
  119  11:06  High Templar x3  
  119  11:07  Probe  
  119  11:08  Probe x2  
  128  11:16  Immortal  
  128  11:30  Stalker  
  130  11:38  High Templar x2  
  134  11:42  Zealot x5  
  134  11:43  Zealot  
  146  11:49  Nexus  
  146  11:52  Observer  
  146  11:53  Pylon  
  147  12:04  Photon Cannon, Zealot x3, High Templar x2  
  147  12:05  Photon Cannon, Zealot  
  147  12:07  Photon Cannon  
  159  12:09  Archon  
  139  12:23  Nexus  
  139  12:25  Zealot  
  139  12:26  Zealot  
  128  12:30  Zealot x4  
  115  12:37  Archon  
  115  12:38  Zealot x2  
  115  12:41  Immortal  
  97  12:47  High Templar x3  
  101  13:00  Zealot x4  
  101  13:01  Zealot x2  
  114  13:05  Probe  
  114  13:08  Assimilator  
  114  13:17  Probe x2  
  114  13:18  Probe  
  117  13:22  Zealot  
  117  13:27  High Templar  
  117  13:28  High Templar  
  117  13:29  Probe  
  117  13:32  Archon  
  120  13:37  High Templar x2  
  120  13:38  High Templar  
  116  13:42  Archon  
  116  13:44  Zealot x4  
  120  13:52  Immortal  
  124  14:06  Zealot, High Templar x2  
  124  14:07  Zealot x3  
  136  14:23  Immortal  
  136  14:30  Fleet Beacon  
  136  14:31  Nexus  
  140  14:40  Shield Battery  
  140  14:41  Stargate  
  140  14:43  Probe x3  
  143  14:46  Protoss Air Weapons Level 1  
  143  14:48  Pylon  
  141  15:08  Tempest  
  141  15:10  Nexus, Assimilator  
  141  15:14  Assimilator  
  137  15:16  Tempest  
  137  15:21  High Templar  
  149  15:39  Zealot x2  
  149  15:41  Tempest  
  153  15:48  Tempest  
Show
View Real Time Build Order
Export as new Build Order

Zanster Zerg - Winner!

Build Orders: Hatch First 

Get SALT Encoding   

  12  0:00  Drone  
  13  0:12  Overlord  
  13  0:17  Drone  
  14  0:31  Drone x2  
  16  0:49  Hatchery  
  15  0:52  Drone  
  15  0:56  Drone  
  17  0:58  Drone  
  18  1:10  Extractor  
  17  1:15  Spawning Pool  
  17  1:18  Drone  
  17  1:22  Drone  
  18  1:28  Drone  
  19  1:39  Drone  
  20  1:50  Drone  
  21  2:01  Queen  
  21  2:02  Queen  
  21  2:04  Overlord  
  21  2:05  Zergling x2  
  26  2:11  Metabolic Boost  
  27  2:15  Drone  
  27  2:16  Drone  
  28  2:24  Zergling x2  
  28  2:26  Drone  
  30  2:36  Hatchery  
  29  2:39  Drone  
  29  2:42  Drone  
  29  2:43  Drone  
  32  2:49  Queen  
  34  2:54  Overlord  
  34  2:59  Drone  
  34  3:01  Drone  
  34  3:05  Overlord  
  36  3:14  Zergling x6  
  36  3:16  Drone  
  36  3:17  Drone x2  
  36  3:18  Drone  
  43  3:20  Drone  
  43  3:24  Drone  
  45  3:30  Queen  
  45  3:32  Overlord  
  45  3:34  Drone  
  48  3:36  Spore Crawler  
  47  3:41  Drone  
  47  3:42  Drone x2  
  47  3:47  Spore Crawler  
  49  3:52  Drone x2  
  49  3:53  Drone  
  47  3:56  Drone  
  47  4:02  Drone  
  47  4:04  Drone x2  
  47  4:05  Drone  
  49  4:10  Drone x3  
  49  4:13  Drone  
  53  4:18  Drone  
  53  4:22  Drone x2  
  54  4:28  Drone  
  54  4:29  Overlord  
  56  4:31  Drone x3  
  56  4:34  Drone x3  
  56  4:36  Drone  
  62  4:42  Drone, Roach Warren  
  62  4:46  Drone x2  
  62  4:52  Overlord  
  64  4:54  Drone  
  64  4:55  Drone x2  
  64  4:56  Drone  
  68  5:05  Drone x2  
  68  5:06  Drone x3  
  73  5:07  Overlord x2  
  73  5:08  Extractor  
  73  5:09  Extractor  
  73  5:10  Overlord  
  71  5:14  Overlord  
  71  5:15  Drone  
  71  5:16  Extractor  
  71  5:18  Overlord  
  71  5:21  Spore Crawler  
  70  5:24  Roach x2  
  70  5:26  Roach x4  
  82  5:29  Roach  
  82  5:32  Roach  
  86  5:35  Queen  
  86  5:36  Drone  
  86  5:37  Drone x4  
  93  5:45  Evolution Chamber, Overlord  
  93  5:49  Roach x3  
  97  5:53  Overlord  
  97  5:59  Roach x5  
  97  6:02  Overlord  
  107  6:09  Overlord  
  107  6:14  Lair  
  107  6:18  Extractor, Drone  
  107  6:19  Drone x5  
  107  6:25  Zerg Missile Weapons Level 1  
  112  6:26  Overlord  
  111  6:33  Drone x9  
  111  6:35  Hatchery  
  120  6:40  Roach x2  
  120  6:41  Extractor  
  120  6:43  Overlord  
  121  6:59  Overlord  
  121  7:03  Hatchery  
  118  7:11  Overseer  
  118  7:12  Overlord  
  118  7:13  Glial Reconstitution  
  118  7:14  Roach  
  118  7:15  Roach x10  
  140  7:20  Overlord  
  140  7:26  Roach x5  
  140  7:28  Roach x2  
  154  7:34  Ravager x4  
  154  7:35  Roach  
  154  7:36  Roach, Overlord  
  162  7:39  Roach x2  
  162  7:42  Roach  
  162  7:43  Roach  
  170  7:49  Roach  
  170  7:50  Roach x2  
  174  8:02  Roach x4  
  174  8:03  Roach  
  167  8:07  Roach  
  167  8:08  Roach x5  
  161  8:12  Roach  
  161  8:15  Roach  
  161  8:16  Roach, Queen x2  
  158  8:22  Roach  
  158  8:24  Roach  
  158  8:25  Roach  
  139  8:35  Roach x3  
  139  8:37  Zerg Missile Weapons Level 2  
  139  8:38  Hydralisk Den  
  144  8:45  Drone x12  
  156  8:53  Overlord  
  156  9:04  Queen  
  156  9:07  Hydralisk x2  
  156  9:08  Hydralisk x4  
  156  9:09  Hydralisk  
  172  9:14  Hydralisk x2, Extractor  
  172  9:16  Extractor  
  171  9:19  Muscular Augments  
  171  9:22  Spore Crawler  
  170  9:26  Hydralisk x4  
  178  9:36  Hydralisk x5  
  178  9:38  Overseer  
  188  9:46  Hydralisk x3  
  188  9:49  Zergling x12  
  200  10:02  Infestation Pit  
  200  10:04  Nydus Network  
  200  10:05  Overseer  
  188  10:30  Grooved Spines  
  188  10:33  Hydralisk  
  188  10:34  Hydralisk x12  
  186  10:35  Zergling x2  
  186  10:36  Zergling x16  
  186  10:41  Roach x2  
  186  10:42  Roach x4  
  181  10:48  Roach x4  
  181  10:49  Roach  
  177  10:50  Hydralisk  
  176  11:01  Drone  
  176  11:03  Roach x4  
  183  11:05  Lair  
  183  11:07  Zerg Ground Armor Level 1  
  183  11:16  Roach x5  
  191  11:28  Hydralisk x4  
  191  11:31  Zergling x2  
  200  11:45  Spire  
  199  11:53  Spore Crawler  
  198  11:57  Overseer  
  198  12:06  Extractor  
  198  12:08  Hive  
  197  12:09  Extractor  
  159  12:30  Hydralisk  
  159  12:31  Roach x8, Hydralisk x13  
  189  12:40  Hydralisk  
  189  12:41  Hydralisk x6  
  189  12:42  Roach  
  183  12:52  Hydralisk, Roach  
  183  12:53  Roach x5  
  183  12:57  Nydus Canal  
  191  13:22  Hatchery  
  184  13:27  Corruptor x5  
  184  13:28  Corruptor x2  
  184  13:32  Greater Spire  
  172  13:44  Roach x6  
  160  13:57  Drone x8  
  168  14:41  Corruptor x4  
  168  14:42  Corruptor x2  
  168  14:43  Corruptor x2  
  168  14:45  Brood Lord x3  
  190  14:50  Brood Lord  
  192  15:01  Brood Lord x2  
  190  15:09  Brood Lord  
  184  15:25  Brood Lord x4  
  184  15:26  Brood Lord  
  194  15:33  Brood Lord x2  
  194  15:34  Brood Lord  
  199  16:09  Nydus Canal  
  199  16:22  Corruptor x4  
  197  16:27  Nydus Canal  

Tags
 
Add a new tag
Caveats
  • Supply blocks, unpowered buildings, or Contaminate may cause inaccurate times.
  • Supply counts are checked every 10 seconds.